 Dungeon Sprint DCSS version 0.30-a0-757-ga6a79fd877 (webtiles) character file.

Game seed: 9951954499835487007

1915 garrulousMonolith the Eye of the Storm (level 9, -6/64 HPs)
             Began as a Formicid Fighter on Feb 9, 2023.
             Was a Priest of Qazlal.
             Killed from afar by a deep elf zephyrmancer (24 damage)
             ... with a bolt of lightning
             ... in the Dungeon (Sprint V: "Ziggurat Sprint").
             The game lasted 00:02:55 (696 turns).

garrulousMonolith the Eye of the Storm (FoFi)        Turns: 696, Time: 00:02:55

Health: -6/64      AC: 18    Str: 33    XL:     9   Next: 39%
Magic:  15/22      EV:  0    Int: 12    God:    Qazlal [***...]
Gold:   0          SH: 31    Dex: 13    Spells: 8/8 levels left

rFire   + . .      SeeInvis +    I - +11 Screaming Sword {sonic wave}
rCold   + . .      Faith    .    G - +18 shield of the Gong {Loud rN+ Will+ rCorr EV-5}
rNeg    + . .      Spirit   .    H - +5 gold dragon scales
rPois   +          Reflect  .    (helmet unavailable)
rElec   .          Harm     .    (no cloak)
rCorr   +          Rampage  .    (no gloves)
Will    +....                    (no boots) Stlth
                                 (no amulet)
HPRegen 0.30/turn                z - +6 ring of strength
MPRegen 0.18/turn                A - +6 ring of strength

@: no status effects
A: permanent stasis, dig shafts and tunnels, antennae 3, four strong arms
a: Dig, Renounce Religion, Upheaval, Elemental Force


You were in the Dungeon.
You worshipped Qazlal.
Qazlal was most pleased with you.
You visited 1 branch

Inventory:

Hand Weapons
 a - a +0 trident
 B - the +8 lance "Wyrmbane" {slay drac, rPois rF+ rC+ AC+3}
   (You found it in the Dungeon)

   AC:        It affects your AC (+3).
   rF:        It protects you from fire.
   rC:        It protects you from cold.
   rPois:     It protects you from poison.
 C - the +6 shillelagh "Devastator" {shatter}
   (You found it in the Dungeon)
 D - the +6 Majin-Bo {spellvamp, MP+6 Int+6}
   (You found it in the Dungeon)

   Int:       It affects your intelligence (+6).
   MP:        It affects your magic capacity (+6).
 E - the +16 obsidian axe {drain, demonic, Mesm Drain Fly SInv}
   (You found it in the Dungeon)

   Mesm:      Its wielder is mesmerised by any visible foes, and it cannot be
   unequipped while any foes are visible.
   SInv:      It lets you see invisible.
   Fly:       It grants you flight.
   Drain:     It drains your maximum health when unequipped.
 I - the +11 Screaming Sword (weapon) {sonic wave}
   (You found it in the Dungeon)
 J - the +9 sword of Power {lifebolt}
   (You found it in the Dungeon)
 K - the +9 sword of Zonguldrok {reap}
   (You found it in the Dungeon)
Armour
 b - a +0 scale mail
 c - a +0 buckler
 F - the +15 Maxwell's patent armour {-Cast -Tele rElec Will+ rCorr}
   (You found it in the Dungeon)

   rElec:     It insulates you from electricity.
   -Cast:     It prevents spellcasting.
   -Tele:     It prevents most forms of teleportation.
   rCorr:     It protects you from acid and corrosion.
   Will:      It increases your willpower.
 G - the +18 shield of the Gong (worn) {Loud rN+ Will+ rCorr EV-5}
   (You found it in the Dungeon)

   Loud:      It is deafeningly noisy when blocking attacks.
   EV:        It affects your evasion (-5).
   rN:        It protects you from negative energy.
   rCorr:     It protects you from acid and corrosion.
   Will:      It increases your willpower.
 H - +5 gold dragon scales (worn)
Jewellery
 u - a ring of flight
 v - a +6 ring of dexterity
 w - a +6 ring of dexterity
 x - a +6 ring of intelligence
 y - a +6 ring of intelligence
 z - a +6 ring of strength (left hand)
 A - a +6 ring of strength (right hand)
Wands
 s - a wand of mindburst (7)
 t - a wand of quicksilver (6)
Scrolls
 j - 4 scrolls of blinking
 o - 4 scrolls of amnesia
 p - 7 scrolls of fog
 q - 5 scrolls of identify
 r - 2 scrolls of fear
Potions
 d - 6 potions of might
 e - 10 potions of curing
 f - 10 potions of heal wounds
 g - 6 potions of haste
 h - 7 potions of magic
 i - 3 potions of berserk rage
 k - 2 potions of brilliance
 l - 2 potions of invisibility
 m - 4 potions of resistance
 n - a potion of experience
Miscellaneous
 L - a condenser vane


   Skills:
 - Level 3.2 Fighting
 + Level 11.6 Long Blades
 - Level 2.0 Polearms
 - Level 3.2 Armour
 - Level 4.0 Shields
 * Level 18.9 Invocations


You had 8 spell levels left.
You didn't know any spells.
Your spell library contained the following spells:

 Spells                   Type           Power      Damage    Failure   Level
 Beastly Appendage        Tmut           0%         N/A       100%        1
 Wereblood                Tmut           0%         N/A       100%        2
 Inner Flame              Hex/Fire       0%         N/A       100%        3
 Spider Form              Tmut/Pois      0%         N/A       100%        3
 Cause Fear               Hex            0%         N/A       100%        4
 Discord                  Hex            0%         N/A       100%        8


Dungeon Overview and Level Annotations

Branches:
Dungeon (1/1)

Altars:
Ashenzari
Cheibriados
Dithmenos
Elyvilon
Fedhas
Gozag
Hepliaklqana
Kikubaaqudgha
Makhleb
Nemelex Xobeh
Okawaru
Qazlal
Ru
Sif Muna
Trog
Uskayaw
Vehumet
Wu Jian
Xom
Yredelemnul
Zin
The Shining One
Jiyva
Lugonu

Annotations:
D 1 transporter


Innate Abilities, Weirdness & Mutations

You cannot be hasted, slowed, berserked, paralysed or teleported.
You can dig through walls and to a lower floor.
You have a pair of large antennae on your head. (SInv)
Your four strong arms can wield two-handed weapons with a shield.


Message History

The deep elf archer shoots an arrow.
PTOANNNG!
You block the arrow.
Aiming: Upheaval
Press: ? - help, Dir - move target, f - deep elf zephyrmancer, p - deep elf knight
Aim: a deep elf zephyrmancer, wielding a +0 short sword and wearing a +0 scale mail The ground shakes violently, spewing rubble!
The blast of rubble hits the deep elf zephyrmancer!!!
The deep elf zephyrmancer is almost dead.
The blast of rubble hits the deep elf archer!!
The deep elf archer is severely wounded.
The blast of rubble hits the deep elf archer!!!
You kill the deep elf archer!
Qazlal accepts your kill.
The storm surrounding you is now powerful enough to repel missiles.
You will now adapt resistances upon receiving elemental damage.
The blast of rubble hits the +2 glaive of protection.
The +2 glaive of protection is lightly damaged.
The storm surrounding you is now too weak to repel missiles.
You will no longer adapt resistances upon receiving elemental damage.
The deep elf knight gestures wildly while chanting.
The deep elf knight seems to speed up.
Your Invocations skill increases to level 18!
You are too injured to fight recklessly!
You are too injured to fight recklessly!
You are too injured to fight recklessly!
You are too injured to fight recklessly!
The +2 glaive of protection hits you from afar!!
* * * LOW HITPOINT WARNING * * *
The deep elf zephyrmancer casts a spell.
The deep elf zephyrmancer blinks!
The deep elf archer shoots an arrow.
SHROANNG!
You block the arrow.
You miss the deep elf knight.
The deep elf knight is severely wounded.
You block the +2 glaive of protection's attack.
BONNNG!
The deep elf zephyrmancer points at you and mumbles some strange words.
The bolt of lightning hits you!!
You die...

▓.....▓.....▓..©..▓
▓..©..▓..©..▓▓▓▓▓▓▓
▓▓▓▓▓▓▓▓▓▓▓▓▓▓▓▓▓▓▓
▓..8©8...▓..8©8...▓
▓..)||...▓..)}}...▓
▓...[....▓..).:...▓
▓........▓..(e....▓
▓........▓..e§☼...▓
▓.▓..†.▓.▓.e.@....▓
▓...©....▓...©....▓
▓▓▓▓▓▓▓▓▓▓▓▓▓▓▓▓▓▓▓


{{{{ {{{ {{{ {{{ You could see a deep elf archer (repels missiles), a deep elf
knight (fast, invisible), a deep elf zephyrmancer and a +2 glaive of protection.

Vanquished Creatures
  A deep elf archer (D)
  3 merfolk (D)
  A tarantella (D)
  2 air elementals (D)
  A phantom (D)
  3 scorpions (D)
  A necrophage (D)
  An adder skeleton (D)
  A bat skeleton (D)
14 creatures vanquished.

Notes
Turn   | Place    | Note
-------+----------+-------------------------------------------
     0 | D        | garrulousMonolith the Formicid Fighter began the quest for
                  | the Orb.
     0 | D        | Reached XP level 1. HP: 18/18 MP: 1/1
     0 | D        | Found a shimmering blue altar of Sif Muna.
     0 | D        | Found a sacrificial altar of Ru.
     0 | D        | Found a bloodstained altar of Trog.
     0 | D        | Found a stormy altar of Qazlal.
     0 | D        | Found an iron altar of Okawaru.
     0 | D        | Found a sparkling altar of Nemelex Xobeh.
     0 | D        | Found a blossoming altar of Fedhas.
     0 | D        | Found the +6 Majin-Bo {spellvamp, MP+6 Int+6}
     0 | D        | Found the +27 heavy crossbow "Sniper" {heavy, Acc+∞ SInv}
     0 | D        | Found the +10 dark maul {heavy}
     0 | D        | Found the +15 Maxwell's patent armour {-Cast -Tele rElec
                  | Will+ rCorr}
     0 | D        | Found the +18 shield of the Gong {Loud rN+ Will+ rCorr
                  | EV-5}
     0 | D        | Found the +16 obsidian axe {drain, demonic, Mesm Drain Fly
                  | SInv}
     0 | D        | Found the +7 great mace "Firestarter" {flame, inner flame,
                  | rFlCloud rF++}
     0 | D        | Found the +6 shillelagh "Devastator" {shatter}
     0 | D        | Found the +11 plutonium sword {Contam Stlth-}
     0 | D        | Found the +8 lance "Wyrmbane" {slay drac, rPois rF+ rC+
                  | AC+3}
     0 | D        | Found the +9 sword of Zonguldrok {reap}
     0 | D        | Found the +13 scythe of Curses {drain, curses, Drain}
     0 | D        | Found the +9 sword of Power {lifebolt}
     0 | D        | Found the +7 mace of Variability {chaos, chain chaos}
     0 | D        | Found the +11 Singing Sword {sonic wave}
     0 | D        | Found the +8 storm bow {elec, penet}
     2 | D        | Found a transporter.
     2 | D        | Found an ancient bone altar of Kikubaaqudgha.
     2 | D        | Found a viscous altar of Jiyva.
     2 | D        | Found a corrupted altar of Lugonu.
     2 | D        | Found a hazy altar of Hepliaklqana.
     2 | D        | Found a burning altar of Makhleb.
     2 | D        | Found an opulent altar of Gozag.
    40 | D        | Banished a spatial maelstrom
   160 | D        | Became a worshipper of Qazlal Stormbringer
   195 | D        | Entered arena 2.
   195 | D        | Noticed an air elemental
   195 | D        | Noticed an air elemental
   195 | D        | Found a transporter.
   197 | D        | Killed an air elemental
   198 | D        | Reached skill level 5 in Long Blades
   198 | D        | Reached skill level 9 in Invocations
   198 | D        | Reached XP level 2. HP: 24/24 MP: 1/7
   198 | D        | Reached XP level 3. HP: 29/29 MP: 1/9
   198 | D        | Reached XP level 4. HP: 35/35 MP: 1/10
   198 | D        | Reached XP level 5. HP: 41/41 MP: 1/12
   199 | D        | Killed an air elemental
   200 | D        | Reached skill level 12 in Invocations
   200 | D        | Reached XP level 6. HP: 40/47 MP: 1/15
   304 | D        | Entered arena 3.
   304 | D        | Noticed a merfolk
   304 | D        | Noticed a merfolk
   304 | D        | Noticed a merfolk
   304 | D        | Found a transporter.
   310 | D        | Killed a merfolk
   310 | D        | Reached * piety under Qazlal
   311 | D        | Reached skill level 14 in Invocations
   311 | D        | Reached XP level 7. HP: 31/52 MP: 15/17
   311 | D        | Killed a merfolk
   312 | D        | Reached skill level 15 in Invocations
   312 | D        | Reached XP level 8. HP: 35/58 MP: 15/19
   312 | D        | Killed a merfolk
   313 | D        | Reached skill level 10 in Long Blades
   313 | D        | Reached skill level 16 in Invocations
   400 | D        | Entered arena 4.
   400 | D        | Noticed a tarantella
   400 | D        | Found a transporter.
   404 | D        | Killed a tarantella
   404 | D        | Reached ** piety under Qazlal
   406 | D        | Reached skill level 17 in Invocations
   577 | D        | Entered arena 5.
   577 | D        | Found a transporter.
   580 | D        | Reached *** piety under Qazlal
   587 | D        | Reached XP level 9. HP: 64/64 MP: 21/21
   692 | D        | Entered arena 6.
   692 | D        | Noticed a deep elf knight
   692 | D        | Noticed a +2 glaive of protection
   692 | D        | Noticed a deep elf zephyrmancer
   692 | D        | Noticed a deep elf archer
   692 | D        | Noticed a deep elf archer
   692 | D        | Found a transporter.
   694 | D        | Killed a deep elf archer
   694 | D        | Reached **** piety under Qazlal
   695 | D        | Reached skill level 18 in Invocations
   696 | D        | Killed from afar by a deep elf zephyrmancer

Illustrated notes

Levels and vault maps discovered:
D:        sprint_v [room_start, room_1, room_2, room_3, room_4, room_5, room_6,
          room_7, room_8, room_9, room_10, room_11, room_12, room_13, room_14,
          room_15, room_16, room_17, room_18, room_19, room_20, room_21,
          room_22, room_23, room_24, room_25, room_26, room_27]

Skill      XL: |  1  2  3  4  5  6  7  8  9 |
---------------+----------------------------+-----
Long Blades    | 5 7 8 9 11 | 11.6
Invocations    | 9 12 14 15 17 18 | 18.9
Fighting       | |  3.2
Polearms       | |  2.0
Armour         | |  3.2
Shields        | |  4.0

Action                     |  1- 3 |  4- 6 |  7- 9 || total
---------------------------+-------+-------+-------++-------
  Melee: Double sword      |     2 |     2 |    20 ||    24
 Invoke: Upheaval          |       |       |     2 ||     2
  Evoke: Wand              |       |     1 |       ||     1
         Condenser vane    |       |     1 |       ||     1
 Armour: Plate armour      |     6 |       |     4 ||    10
         Gold dragon scale |       |       |     3 ||     3
  Block: Kite shield       |     5 |    12 |    37 ||    54

Table legend: (Time is in decaauts)
 A = Elapsed time spent in this place.
 B = Non-inter-level travel time spent in this place.
 C = Inter-level travel time spent in this place.
 D = Time resting spent in this place.
 E = Time spent auto-exploring this place.
 F = Levels seen in this place.
 G = Mean time per level.
                   A        B        C        D        E       F      G
               +--------+--------+--------+--------+--------+-----+--------+
         Total |    697 |    697 |      0 |    500 |      0 |   1 |  697.0 |
       Dungeon |    697 |    697 |      0 |    500 |      0 |   1 |  697.0 |
               +--------+--------+--------+--------+--------+-----+--------+

Top non-repeatable levels by time:
       D: 697 daAuts
